AoeStats
← Mikey-R2R

Arena

503818189Analyzed
3v3 RM · 1mo ago on Sep 2, 2026· 60m 17s· 6 players
Game mode
Random Map
Map size
Normal (6 player)
Population
200
Speed
Normal
Resources
Standard
Victory
Conquest
Starting age
Dark Age
Ending age
Imperial Age
RankedLock teamsTeams togetherTeam positionsShared explorationLock speedFull tech treeHidden civsTurbo modeCheats
Victory
Defeat
799
+14
🇨🇳 Turks · China
783
+15
🇫🇷 Goths · France
568
+24
🇹🇷 Khmer · Türkiye
813
-20
🇮🇳 Khmer · India
747
-17
🇵🇱 Wei · Poland
729
-17
Edi
10:16 Feudal Age
12:25 Gold Mining
12:24 Double-Bit Axe
13:05 Horse Collar
20:15 Castle Age
23:03 Husbandry
25:35 Bloodlines
28:10 Wheelbarrow
28:19 Scale Barding Armor
29:08 Bow Saw
29:37 Gold Shaft Mining
34:26 Imperial Age
33:50 Hand Cart
34:54 Heavy Hei Guang Cavalry
37:26 Parthian Tactics
39:23 Chemistry
39:55 Forging
40:08 Chain Barding Armor
39:39 Fletching
42:05 Conscription
Assistant Boyfriend
0:42 Loom
13:55 Feudal Age
14:22 Horse Collar
14:28 Double-Bit Axe
14:36 Gold Mining
14:37 Stone Mining
19:56 Castle Age
18:42 Bloodlines
22:04 Bow Saw
23:23 Fervor
23:25 Husbandry
24:08 Gold Shaft Mining
27:08 Heavy Plow
34:57 Imperial Age
32:54 Ballistics
32:37 Caravan
33:08 Coinage
35:51 Wheelbarrow
36:21 Banking
36:53 Chemistry
35:59 Siege Engineers
35:50 Murder Holes
36:06 Fortified Wall
35:20 Elite Ballista Elephant
36:01 Double Crossbow
36:21 Conscription
35:32 Cavalier
36:47 Scale Barding Armor
36:53 Forging
36:33 Fletching
36:44 Padded Archer Armor
36:46 Light Cavalry
38:14 Crop Rotation
39:24 Hussar
42:43 Hand Cart
43:07 Stone Shaft Mining
43:10 Chain Barding Armor
43:25 Iron Casting
48:41 Blast Furnace
48:17 Plate Barding Armor
DrGranny
9:45 Feudal Age
10:16 Double-Bit Axe
10:13 Horse Collar
13:39 Gold Mining
20:19 Castle Age
20:03 Stone Mining
21:16 Bow Saw
21:10 Heavy Plow
21:47 Gold Shaft Mining
22:41 Stone Shaft Mining
22:32 Town Watch
23:23 Wheelbarrow
27:10 Imperial Age
28:37 Crop Rotation
28:53 Hand Cart
31:19 Heavy Scorpion
34:14 Double Crossbow
35:19 Ballistics
37:26 Elite Ballista Elephant
39:17 Siege Engineers
Mikey-R2R
11:21 Feudal Age
15:42 Castle Age
13:32 Double-Bit Axe
15:27 Horse Collar
17:24 Bow Saw
20:34 Heavy Plow
24:26 Gold Mining
25:48 Wheelbarrow
27:04 Gold Shaft Mining
27:46 Fortified Wall
31:31 Imperial Age
30:30 Fletching
30:41 Padded Archer Armor
30:48 Scale Barding Armor
30:54 Forging
31:04 Hand Cart
30:43 Loom
31:28 Ballistics
31:51 Stone Mining
32:41 Conscription
32:47 Artillery
32:44 Bodkin Arrow
33:05 Leather Archer Armor
34:09 Caravan
37:06 Bloodlines
37:24 Bracer
38:45 Husbandry
39:51 Elite Janissary
45:56 Theocracy
ॐPixoॐ
9:26 Loom
17:22 Feudal Age
18:11 Horse Collar
18:17 Double-Bit Axe
18:47 Stone Mining
23:30 Castle Age
23:00 Fletching
24:25 Bow Saw
24:19 Heavy Plow
25:23 Stone Shaft Mining
25:27 Wheelbarrow
24:56 Murder Holes
25:21 Ballistics
25:00 Bodkin Arrow
26:39 Gold Mining
34:16 Hand Cart
34:36 Forging
34:27 Scale Mail Armor
40:24 Imperial Age
40:08 Caravan
40:07 Pikeman
40:48 Squires
41:13 Bracer
41:48 Iron Casting
41:28 Chain Mail Armor
42:19 Two-Man Saw
41:50 Crop Rotation
42:14 Conscription
43:08 Anarchy
45:03 Blast Furnace
44:18 Chain Mail Armor
44:04 Padded Archer Armor
45:22 Halberdier
48:38 Perfusion
49:04 Leather Archer Armor
55:56 Elite Huskarl
少打游戏多学习
10:32 Feudal Age
11:01 Loom
11:27 Horse Collar
12:37 Gold Mining
16:45 Castle Age
15:12 Double-Bit Axe
16:43 Forging
23:54 Heavy Plow
24:03 Scale Barding Armor
24:17 Bow Saw
25:08 Wheelbarrow
27:35 Town Watch
31:50 Imperial Age
31:51 Iron Casting
33:09 Hand Cart
33:03 Elite Mameluke
34:01 Town Patrol
34:25 Chain Barding Armor
34:47 Caravan
35:09 Bimaristan
35:19 Bloodlines
35:18 Husbandry
37:03 Blast Furnace
38:27 Conscription
39:01 Plate Barding Armor
38:17 Fletching
38:28 Padded Archer Armor
38:34 Stone Mining
39:20 Gold Shaft Mining
39:26 Fervor
43:07 Light Cavalry
43:49 Hussar
45:26 Bodkin Arrow
45:47 Leather Archer Armor
45:32 Scale Mail Armor
49:58 Bracer
50:28 Ring Archer Armor
50:14 Chain Mail Armor
50:34 Counterweights
51:34 Ballistics
52:15 Chemistry
51:21 Siege Engineers
51:13 Elite Skirmisher
53:29 Two-Man Saw
51:55 Capped Ram
53:01 Sanctity
54:47 Masonry
Connection lost

Rejoining the realm…

Still unreachable

The connection could not be restored.

Session expired

The server has moved on; the page needs a fresh start.